 Dungeon Crawl Stone Soup version 0.19.0-11-g3fc08b3 (webtiles) character file.

435 tsouns the Sneak (level 7, -1/43 HPs)
             Began as a Tengu Assassin on Nov 9, 2016.
             Slain by an ogre
             ... wielding a +0 giant club
              (20 damage)
             ... on level 5 of the Dungeon.
             The game lasted 00:07:31 (2946 turns).

tsouns the Sneak (Tengu Assassin)                   Turns: 2946, Time: 00:07:33

Health: -1/43      AC:  3    Str: 11    XL:     7   Next: 0%
Magic:  8/8        EV: 12    Int: 19    God:
Gold:   147        SH:  0    Dex: 16    Spells: 0 memorised, 6 levels left

rFire  . . .     SeeInvis .     A - +8 flail of Kidupadgh {vamp, +Rage Int+3}
rCold  . . .     Gourm    .     c - +0 robe
rNeg   . . .     Faith    .     (no shield)
rPois  .         Spirit   .     (helmet restricted)
rElec  .         Reflect  .     d - +0 cloak
rCorr  +         Harm     .     (no gloves)
MR     .....                    (boots unavailable)
Stlth  +++.......               (no amulet)
                                j - +3 ring of intelligence
                                q - ring of resist corrosion

@: no status effects
A: beak, talons 3, able to fly 1
a: Fly, Evoke Berserk Rage


You were on level 5 of the Dungeon.
You were not hungry.

You visited 1 branch of the dungeon, and saw 5 of its levels.

You collected 308 gold pieces.
You spent 161 gold pieces at shops.

Inventory:

Hand Weapons
 a - a +2 dagger
 b - a +1 blowgun
 x - a +0 long sword
 A - the +8 flail of Kidupadgh (weapon) {vamp, +Rage Int+3}
   (You bought it in a shop on level 4 of the Dungeon)

   It inflicts no extra harm, but heals its wielder when it wounds a living foe.
   It affects your intelligence (+3).
   It lets you go berserk.
Missiles
 e - 24 poisoned needles
 f - 2 curare-tipped needles
 m - 187 stones (quivered)
Armour
 c - a +0 robe (worn)
 d - a +0 cloak (worn)
Jewellery
 j - a +3 ring of intelligence (right hand)
 q - a ring of resist corrosion (left hand)
Wands
 p - a wand of polymorph (16/24)
 v - a wand of polymorph (15/24)
Scrolls
 h - 2 scrolls of blinking
 o - a scroll of fog
Potions
 i - a potion of haste {unknown}
 k - 2 potions of lignification
 l - a potion of brilliance {unknown}
 n - 4 potions of might
 t - a potion of curing {unknown}
 u - a potion of cure mutation {unknown}
 z - a potion of resistance {unknown}
Comestibles
 g - 5 bread rations
 r - 3 chunks of flesh


   Skills:
 + Level 4.2 Fighting
 - Level 3.5 Short Blades
 * Level 3.4 Maces & Flails
 - Level 2.0 Throwing
 - Level 1.1 Dodging
 + Level 5.9 Stealth


You had 6 spell levels left.
You didn't know any spells.

Dungeon Overview and Level Annotations

Branches:
Dungeon (5/15)
 Temple: D:4-7

Altars:
Kikubaaqudgha

Shops:
D:4 (

Annotations:
D:4 kilppis's ghost, amateur HuBe


Innate Abilities, Weirdness & Mutations

You have a beak for a mouth.
You have claws for feet.
You can fly.


Message History

You throw a stone. The stone hits the ogre.
The ogre is lightly wounded.
Some of the chunks of flesh in your inventory have rotted away.
Unknown command.
You hit the ogre.
The ogre is moderately wounded.
The ogre hits you with a giant club!!
Ouch! That really hurt!
You are too injured to fight recklessly!
You are too injured to fight recklessly!
You hit the ogre.
You feel better.
You claw the ogre.
The ogre is heavily wounded.
The ogre closely misses you.
You barely miss the ogre.
The ogre is heavily wounded.
The ogre barely misses you.
You sock the ogre! Your peck misses the ogre.
The ogre is almost dead.
The ogre hits you with a giant club!!
You die...

##........## ...#######.....####
#..........# .....##.###.....
#..........# ##......########
#..........# ##.....#..#######
#..........# #................
#..........# #........########
##...<....### #........#
##..........#####......##
#..............@......## ######
#..........#####O......###......
#..........# #................
#..........# #.......###......
#..........# #...(..## #......
##........## #.#..(## ##......
##......## #.########.......
######.# ##.######.........
#.### ##.................


You could see an ogre.

Vanquished Creatures
  A scorpion (D:4)
  2 howler monkeys (D:5)
  A hound (D:5)
  A centaur skeleton (D:4)
  2 jellies (D:5)
  An iguana (D:5)
  3 worker ants
  2 adders
  2 shadow imps (D:5)
  An ooze (D:2)
  5 leopard geckos
  3 orcs
  4 giant cockroaches
  3 goblins
  4 hobgoblins
  6 jackals
  A quokka (D:4)
  2 ball pythons
  10 bats
  6 frilled lizards
  2 kobolds
  4 rats
66 creatures vanquished.

Notes
Turn   | Place    | Note
-------+----------+-------------------------------------------
     0 | D:1      | tsouns the Tengu Assassin began the quest for the Orb.
     0 | D:1      | Reached XP level 1. HP: 12/12 MP: 2/2
   158 | D:1      | Reached XP level 2. HP: 11/17 MP: 3/3
   908 | D:2      | Reached XP level 3. HP: 19/22 MP: 4/4
  1802 | D:3      | Reached XP level 4. HP: 23/28 MP: 5/5
  1948 | D:4      | Noticed kilppis's ghost (amateur HuBe)
  2145 | D:4      | Found an ancient bone altar of Kikubaaqudgha.
  2160 | D:4      | Reached skill level 5 in Stealth
  2241 | D:4      | Gained mutation: You can fly. [Tengu growth]
  2241 | D:4      | Reached XP level 5. HP: 32/32 MP: 6/6
  2244 | D:4      | Found Zamod's Antique Weapon Boutique.
  2263 | D:4      | Bought a smoking flail for 161 gold pieces
  2271 | D:4      | Identified the +8 flail of Kidupadgh {vamp, +Rage Int+3} (You bought it in a shop on level 4 of the Dungeon)
  2524 | D:5      | Entered Level 5 of the Dungeon
  2550 | D:5      | Reached skill level 1 in Maces & Flails
  2697 | D:5      | Reached XP level 6. HP: 37/38 MP: 7/7
  2900 | D:5      | Reached XP level 7. HP: 42/43 MP: 8/8
  2946 | D:5      | Slain by an ogre

Skill      XL: |  1  2  3  4  5  6 |
---------------+-------------------+-----
Fighting       | 3 4 |  4.2
Short Blades   | 3 |  3.5
Stealth        | 5 |  5.9
Maces & Flails | 2 3 |  3.4
Throwing       | |  2.0
Dodging        | |  1.1

Action                   |  1- 3 |  4- 6 |  7- 9 || total
-------------------------+-------+-------+-------++-------
Melee: Dagger            |    98 |    22 |       ||   120
       Kick              |    24 |    15 |     1 ||    40
       Peck              |    12 |    10 |       ||    22
       Flail             |       |    33 |     4 ||    37
 Fire: Blowgun           |     1 |     3 |       ||     4
Throw: Stone             |       |       |     4 ||     4
  Use: Scroll            |       |     9 |       ||     9
 Stab: Sleeping          |    14 |     6 |       ||    20
  Eat: Chunk             |     3 |     3 |       ||     6
       Royal jelly       |       |     1 |       ||     1
       Pizza             |       |     1 |       ||     1
       Beef jerky        |       |     1 |       ||     1
Armor: Robe              |    17 |    11 |       ||    28
Dodge: Dodged            |    50 |    27 |     2 ||    79
